 Dungeon Crawl Stone Soup version 0.26-b1-52-g61e05abef2 (webtiles) character file.

Game seed: 5817992249549457135

69 hawla the Conjurer (level 4, 0/33 HPs)
             Began as a Draconian Conjurer on Jan 7, 2021.
             Slain by an orc priest
             ... wielding a +0 war axe
              (11 damage)
             ... on level 4 of the Dungeon.
             The game lasted 00:03:30 (1472 turns).

hawla the Conjurer (Draconian Conjurer)             Turns: 1472, Time: 00:03:31

Health: 0/33       AC:  5    Str:  9    XL:     4   Next: 2%
Magic:  1/9        EV: 12    Int: 19    God:
Gold:   109        SH:  0    Dex: 10    Spells: 7/10 levels left

rFire    . . .     SeeInvis .   f - +0 dagger
rCold    . . .     Faith    .   (no shield)
rNeg     . . .     Spirit   .   (armour unavailable)
rPois    .         Reflect  .   (helmet restricted)
rElec    .         Harm     .   (no cloak)
rCorr    .         Rampage  .   (no gloves)
Will     .....                  (no boots)
Stlth    ++........             (no amulet)
HPRegen  0.11/turn              (no ring)
MPRegen  0.11/turn              (no ring)

@: no status effects
A: unfitting armour, cold-blooded, AC +5
a: no special abilities


You were on level 4 of the Dungeon.
You visited 1 branch of the dungeon, and saw 3 of its levels.

You collected 109 gold pieces.

Inventory:

Hand Weapons
 f - a +0 dagger (weapon)
Scrolls
 e - a scroll of magic mapping
 k - a scroll of remove curse
Potions
 a - 2 potions of curing
 b - a potion of cancellation {unknown}
 d - a potion of haste {unknown}
 g - a potion of brilliance {unknown}
 h - a potion of attraction {unknown}
 j - a potion of might {unknown}


   Skills:
 - Level 2.0 Dodging
 - Level 2.0 Stealth
 + Level 3.9 Spellcasting
 - Level 4.0 Conjurations


You had 7 spell levels left.
You knew the following spells:

 Your Spells              Type           Power        Failure   Level
a - Magic Dart            Conj           72%          2%          1
b - Searing Ray           Conj           36%          4%          2

Your spell library contained the following spells:

 Spells                   Type           Power        Failure   Level
 Dazzling Flash           Conj/Hex       22%          19%         3
 Fulminant Prism          Conj/Hex       5%           52%         4
 Iskenderun's Mystic Bla  Conj/Tloc      11%          52%         4


Dungeon Overview and Level Annotations

Branches:
Dungeon (2/15)

Altars:
Cheibriados


Innate Abilities, Weirdness & Mutations

Your plain brown scales are hard. (AC +5)
You cannot fit into any form of body armour.
You are cold-blooded and may be slowed by cold attacks.


Message History

(Press . to maintain the ray.)
The orc barely misses you.
As you read the scroll labelled JOWNUL XUBROA, it crumbles to dust.
It is a scroll of identify.
e - a scroll of magic mapping The orc hits you from afar with a +0 trident!
* * * LOW HITPOINT WARNING * * *
It was a potion of curing.
You feel better.
The orc priest hits you with a +0 war axe.
The orc barely misses you.
As you read the scroll labelled EXEC IFFEKYU, it crumbles to dust.
It is a scroll of amnesia.
Really abort (and waste the scroll)?
Okay, then.
The orc priest begins to cast a cantrip, but forgets the words!
The orc closely misses you.
As you read the scroll labelled AHINNIOPIS, it crumbles to dust.
You feel blessed for a moment.
It was a scroll of remove curse.
The orc priest hits you with a +0 war axe!
You die...

##+# #..# #..# #..#
######..######## .
#.......##.....# ...
#..............##
....#+####..##......#
.........#..##..@o..#
.........#..######o##
.........#..# .#
.........#'### .)
.............# o.#
.............# ..#
.............# ..#
.............# ..#
............#


You could see an orc priest and an orc.

Vanquished Creatures
  An orc wizard (D:4)
  An adder (D:2)
  2 worms (D:2)
  A dart slug (D:1)
  A leopard gecko (D:2)
  A giant cockroach (D:2)
  5 goblins
  A hobgoblin (D:2)
  A kobold (D:2)
  A quokka (D:4)
  3 bats
  A frilled lizard (D:1)
  A jackal skeleton (D:4)
  4 rats
24 creatures vanquished.

Notes
Turn   | Place    | Note
-------+----------+-------------------------------------------
     0 | D:1      | hawla the Draconian Conjurer began the quest for the Orb.
     0 | D:1      | Reached XP level 1. HP: 14/14 MP: 3/3
   775 | D:2      | Reached XP level 2. HP: 20/20 MP: 3/5
   810 | D:2      | Learned a level 2 spell: Searing Ray
  1047 | D:2      | Reached XP level 3. HP: 20/26 MP: 0/7
  1227 | D:2      | Found a snail-covered altar of Cheibriados.
  1397 | D:2      | You fall into a shaft and drop 2 floors!
  1467 | D:4      | Reached XP level 4. HP: 11/33 MP: 2/9
  1472 | D:4      | Slain by an orc priest

Illustrated notes

Levels and vault maps discovered:
D:1:      dpeg_arrival_short_road, layout_rooms
D:2:      layout_loops_ring, cheibriados_altar_1, minmay_tree_intersection
D:4:      layout_gridville, serial_shops, shop, grunt_gozag_statues

Skill      XL: |  1  2 |
---------------+-------+-----
Dodging        | 2 |  2.0
Stealth        | 2 |  2.0
Spellcasting   | 3 |  3.9
Conjurations   | |  4.0

Action                   |  1- 3 |  4- 6 || total
-------------------------+-------+-------++-------
Melee: Unarmed           |     2 |       ||     2
       Tailslap          |     1 |       ||     1
       Dagger            |     4 |       ||     4
 Cast: Magic Dart        |    37 |       ||    37
       Searing Ray       |     6 |     1 ||     7
  Use: Scroll            |       |     3 ||     3
       Potion            |       |     1 ||     1
Armor: Skin              |     4 |       ||     4
Dodge: Dodged            |     7 |     3 ||    10
